Map: [ESL] Waterfall

Players

LiquidClem (Clem) - Winner!

  • Race: Terran Terran
  • League: Grandmaster
  • Spawn Location: 1:00

Lambo

  • Race: Zerg Zerg
  • Spawn Location: 7:00

Event: HomeStory Cup XXII

VOD

Have the link to the VOD?

Description

Time

  • Played on: Dec. 15, 2022, 10 a.m.
  • Length: 6:27

All games in this series

Show
View Real Time Build Order
Export as new Build Order

LiquidClem Terran - Winner!

Build Orders: Reaper Expand, Hellion Banshee 

Get SALT Encoding   

  12  0:02  SCV  
  13  0:14  SCV  
  13  0:18  Supply Depot  
  14  0:26  SCV  
  15  0:40  SCV  
  15  0:41  Barracks  
  16  0:44  Refinery  
  16  0:52  SCV  
  17  1:04  SCV  
  18  1:16  SCV  
  19  1:28  Reaper, Orbital Command  
  20  1:41  Command Center  
  20  1:48  Supply Depot  
  20  1:55  SCV  
  20  2:00  Marine  
  22  2:07  SCV  
  23  2:11  Factory  
  23  2:19  SCV  
  23  2:22  Barracks Reactor  
  24  2:31  SCV  
  25  2:40  Command Center  
  25  2:44  SCV  
  26  2:52  Orbital Command  
  26  2:56  SCV  
  27  3:01  Starport  
  27  3:05  Refinery  
  27  3:08  SCV  
  30  3:12  Hellion  
  30  3:18  Hellion  
  30  3:19  SCV  
  33  3:21  SCV  
  33  3:24  Barracks Tech Lab  
  34  3:31  SCV  
  34  3:33  SCV  
  36  3:35  Hellion  
  36  3:40  Hellion  
  40  3:43  SCV  
  40  3:45  Banshee  
  44  3:50  SCV  
  44  3:52  Orbital Command  
  44  3:55  SCV, Cloaking Field  
  46  3:59  Hellion  
  50  4:02  Hellion  
  50  4:04  SCV  
  50  4:07  SCV  
  50  4:08  Barracks Tech Lab  
  52  4:11  Supply Depot  
  52  4:16  SCV  
  53  4:18  SCV  
  53  4:19  SCV  
  55  4:28  SCV, Banshee  
  55  4:31  SCV  
  60  4:32  SCV  
  60  4:35  Factory Reactor  
  60  4:36  Supply Depot, Marine  
  60  4:37  Barracks  
  62  4:40  SCV  
  62  4:43  SCV, Barracks  
  62  4:44  SCV  
  65  4:50  Refinery  
  65  4:51  Refinery  
  65  4:54  Bunker, Marine  
  65  4:58  Supply Depot, SCV x2  
  67  5:06  SCV  
  65  5:10  SCV  
  65  5:12  Marine  
  67  5:14  SCV  
  68  5:23  Siege Tank  
  68  5:25  SCV  
  68  5:26  Marine x2  
  68  5:28  SCV  
  75  5:29  Marine  
  77  5:37  Supply Depot  
  77  5:38  SCV  
  77  5:39  Orbital Command  
  77  5:40  SCV, Marine  
  77  5:41  Supply Depot  
  79  5:43  Marine, Starport Reactor  
  79  5:44  Marine  
  79  5:48  Marine x2  
  83  5:50  SCV  
  83  5:52  Bunker, SCV  
  83  5:54  Bunker  
  85  5:58  Marine  
  85  6:01  Marine  
  85  6:02  Supply Depot, Marine  
  91  6:06  Marine x2  
  91  6:15  Supply Depot  
Show
View Real Time Build Order
Export as new Build Order

Lambo Zerg 

Build Orders: Hatch First 

Get SALT Encoding   

  12  0:00  Drone  
  13  0:11  Overlord  
  13  0:17  Drone  
  14  0:30  Drone x2  
  16  0:48  Hatchery  
  15  0:51  Drone  
  15  0:55  Drone  
  17  0:57  Drone  
  18  1:08  Extractor  
  17  1:13  Spawning Pool  
  17  1:16  Drone  
  17  1:20  Drone  
  18  1:30  Drone  
  19  1:39  Drone  
  20  1:48  Drone  
  21  1:59  Queen x2  
  21  2:00  Zergling x4  
  27  2:11  Zergling x2, Overlord  
  28  2:21  Hatchery  
  26  2:30  Drone  
  26  2:31  Drone  
  26  2:32  Drone  
  26  2:35  Drone  
  30  2:39  Metabolic Boost  
  30  2:45  Drone  
  30  2:50  Queen  
  33  2:55  Overlord  
  33  2:58  Drone  
  34  3:00  Drone  
  35  3:10  Lair  
  35  3:15  Drone x3  
  35  3:19  Drone  
  39  3:22  Drone x2  
  41  3:28  Queen  
  41  3:33  Queen  
  45  3:39  Overlord  
  45  3:41  Extractor  
  44  3:46  Drone x2  
  44  3:48  Drone x2  
  48  3:50  Drone  
  49  4:00  Drone  
  49  4:01  Overlord  
  49  4:02  Zergling x4  
  52  4:03  Zergling x6  
  55  4:10  Nydus Network  
  55  4:12  Queen  
  55  4:16  Overlord  
  56  4:17  Zergling x2  
  57  4:27  Zergling x2  
  57  4:28  Zergling x6, Baneling Nest  
  60  4:34  Zergling x8  
  64  4:38  Zergling x4  
  66  4:48  Nydus Canal  
  66  4:54  Zergling x14  
  73  5:03  Nydus Canal  
  73  5:04  Zergling x2  
  73  5:05  Zergling x6  
  73  5:07  Zergling x2  
  71  5:10  Zergling x2  
  71  5:13  Zergling x2  
  73  5:22  Overlord  
  73  5:27  Overlord  
  73  5:30  Nydus Canal  
  73  5:31  Overlord  
  73  5:33  Zergling x2  
  74  5:37  Overlord  
  74  5:40  Queen, Overseer  
  76  5:49  Zergling x10  
  81  5:55  Nydus Canal  
  81  5:56  Zergling x4  
  83  6:01  Zergling x2  
  84  6:05  Baneling x5  
  84  6:06  Zergling x4  
  84  6:07  Baneling  
Tags
 
Add a new tag
Caveats
  • Supply blocks, unpowered buildings, or Contaminate may cause inaccurate times.
  • Supply counts are checked every 10 seconds.